 Dungeon Crawl Stone Soup version 0.29-a0-275-g389c0b56f3 (webtiles) character file.

Game seed: 6464393651915915973

503 Anunax the Insei (level 6, -2/50 HPs)
             Began as a Draconian Transmuter on Mar 10, 2022.
             Slain by Pikel
             ... wielding a +2 whip of freezing
              (3 damage)
             ... on level 4 of the Dungeon.
             The game lasted 00:16:23 (3632 turns).

Anunax the Insei (Draconian Transmuter)             Turns: 3632, Time: 00:16:24

Health: -2/50      AC: 10    Str: 12    XL:     6   Next: 96%
Magic:  10/10      EV: 17    Int: 14    God:
Gold:   166        SH:  0    Dex: 13    Spells: 10/11 levels left

rFire   . . .      SeeInvis .   g - staff of conjuration
rCold   . . .      Faith    .   (no shield)
rNeg    . . .      Spirit   .   (body armour unavailable)
rPois   .          Reflect  .   (helmet restricted)
rElec   .          Harm     .   (no cloak)
rCorr   .          Rampage  .   (no gloves)
Will    .....                   (no boots)
Stlth   ++........              (no amulet)
HPRegen 0.16/turn               f - +4 ring of protection
MPRegen 0.12/turn               h - +4 ring of evasion

@: mighty, slowed, very slow
A: AC +6, unfitting armour, cold-blooded
a: no special abilities


You were on level 4 of the Dungeon.
You visited 1 branch of the dungeon, and saw 4 of its levels.

You collected 166 gold pieces.

Inventory:

Hand Weapons
 e - a +0 short sword
 j - a +4 short sword
Armour
 p - the +1 robe of Gallantry {rC+}
   (You found it on level 3 of the Dungeon)

   rC:        It protects you from cold.
Magical Staves
 g - a staff of conjuration (weapon)
Jewellery
 b - a ring of positive energy
 f - a +4 ring of protection (left hand)
 h - a +4 ring of evasion (right hand)
 i - a +4 ring of protection
Scrolls
 c - 5 scrolls of identify {unknown}
 l - 2 scrolls of brand weapon {unknown}
 m - 2 scrolls of blinking {unknown}
 n - a scroll of magic mapping {unknown}
 o - a scroll of fog {unknown}
 s - 3 scrolls of teleportation {unknown}
 t - a scroll of torment {unknown}
 u - a scroll of noise {unknown}
Potions
 a - a potion of lignification
 d - a potion of might
 k - a potion of haste {unknown}
 q - a potion of curing {unknown}
 r - a potion of mutation {unknown}
 v - a potion of heal wounds {unknown}


   Skills:
 + Level 2.4 Fighting
 + Level 3.3 Staves
 + Level 3.6 Dodging
 + Level 1.4 Stealth
 + Level 3.8 Unarmed Combat
 + Level 3.1 Spellcasting
 + Level 2.9 Transmutations


You had 10 spell levels left.
You knew the following spells:

 Your Spells              Type           Power      Damage    Failure   Level
a - Beastly Appendage     Tmut           20%        N/A       6%          1

Your spell library contained the following spells:

 Spells                   Type           Power      Damage    Failure   Level
 Wereblood                Tmut           10%        N/A       10%         2
 Passwall                 Tmut/Erth      5%         N/A       17%         2
 Blink                    Tloc           4%         N/A       32%         2
 Ensorcelled Hibernation  Hex/Ice        4%         N/A       32%         2
 Spider Form              Tmut/Pois      6%         N/A       34%         3
 Gell's Gravitas          Tloc           2%         N/A       54%         3
 Lesser Beckoning         Tloc           2%         N/A       54%         3
 Swiftness                Air            2%         N/A       54%         3
 Teleport Other           Tloc           2%         N/A       54%         3
 Ice Form                 Ice/Tmut       6%         N/A       75%         4
 Manifold Assault         Tloc           2%         N/A       99%         5


Dungeon Overview and Level Annotations

Branches:
Dungeon (4/15)
 Temple: D:4-7

Altars:
Okawaru
Uskayaw
The Shining One

Shops:
D:3 :*([*

Annotations:
D:4 Pikel


Innate Abilities, Weirdness & Mutations

Your plain brown scales are hard. (AC +6)
You cannot fit into any form of body armour.
You are cold-blooded and may be slowed by cold attacks.


Message History

The lemure attacks as you move away! The lemure hits you.
The ball python attacks as you move away!
The ball python bites you but does no damage.
The ball python completely misses you.
You hit the ball python!
You kill the ball python!
You hit the lemure.
The lemure is moderately wounded.
The lemure hits you.
* * * LOW HITPOINT WARNING * * *
The lemure attacks as you move away! The lemure hits you but does no damage.
A lemure comes into view.
You see here a black potion.
The lemure attacks as you move away! The lemure closely misses you.
The lemure attacks as you move away! The lemure closely misses you.
The lemure shouts!
A lemure comes into view.
Found a short sword.
The lemure attacks as you move away! The lemure barely misses you.
The lemure attacks as you move away! The lemure barely misses you.
The lemure barely misses you. The lemure attacks as you move away!
The lemure misses you.
Pikel and a lemure come into view.
Pikel is wielding a +2 whip of freezing.
The lemure attacks as you move away! The lemure misses you.
Pikel shouts!
The lemure hits you.
* * * LOW HITPOINT WARNING * * *
The lemure attacks as you move away! The lemure closely misses you.
The lemure attacks as you move away! The lemure misses you.
The lemure attacks as you move away! The lemure hits you but does no damage.
The lemure attacks as you move away! The lemure closely misses you.
The lemure closely misses you. The lemure closely misses you.
The lemure attacks as you move away! The lemure completely misses you.
Pikel completely misses you.
Pikel hits you with a +2 whip of freezing!
* * * LOW HITPOINT WARNING * * *
You feel yourself slow down. Pikel freezes you.
You die...

# ## .## ############
..## #...55.....# #(.#
#...5K.....# #..#
####....5@....# ##.#
#....W........# ##.#
#.##..........# #.#
###.#..#........# ##.#
#...M.###.......# #..#
#.#..## ##......# ..##
#...###+###.....#
..####..#.......#..###
...##.!###.....###


You could see Pikel, a phantom, 4 lemures and a mummy.

Vanquished Creatures
  An ogre (D:4)
  A phantom (D:4)
  A necrophage (D:4)
  A howler monkey (D:4)
  2 hounds
  An iguana (D:4)
  An orc wizard (D:3)
  3 adders (D:3)
  3 gnolls (D:4)
  2 ufetubi
  A worm (D:2)
  2 dart slugs
  3 orcs (D:3)
  5 bats
  4 endoplasms
  6 goblins
  4 hobgoblins
  2 quokkas (D:1)
  10 ball pythons
  4 frilled lizards
  6 kobolds
  An orc zombie (D:4)
  5 rats
69 creatures vanquished.

Notes
Turn   | Place    | Note
-------+----------+-------------------------------------------
     0 | D:1      | Anunax the Draconian Transmuter began the quest for the
                  | Orb.
     0 | D:1      | Reached XP level 1. HP: 16/16 MP: 3/3
   220 | D:1      | Reached XP level 2. HP: 22/23 MP: 3/5
  1215 | D:2      | Found a faded altar of an unknown god.
  1260 | D:2      | Reached XP level 3. HP: 28/28 MP: 6/6
  1578 | D:2      | Reached XP level 4. HP: 35/35 MP: 7/7
  1918 | D:3      | Found Xotimpeve's Weapon Boutique.
  1935 | D:3      | Found Apsibism's Armour Shoppe.
  1997 | D:3      | Reached skill level 1 in Staves
  2056 | D:3      | Identified the +1 robe of Gallantry {rC+}
  2293 | D:3      | Reached skill level 1 in Stealth
  2327 | D:3      | Found Ampukk's Assorted Antiques.
  2342 | D:3      | Found Ekiumpu's General Store.
  2384 | D:3      | Found Tial's Book Shop.
  2403 | D:3      | Reached XP level 5. HP: 37/40 MP: 7/9
  2692 | D:4      | Noticed a phantom
  3070 | D:4      | Noticed an ogre
  3078 | D:4      | Killed an ogre
  3079 | D:4      | Reached XP level 6. HP: 34/48 MP: 8/10
  3427 | D:4      | Found an iron altar of Okawaru.
  3427 | D:4      | Found a glowing golden altar of the Shining One.
  3427 | D:4      | Found a hide-covered altar of Uskayaw.
  3624 | D:4      | Noticed Pikel
  3632 | D:4      | HP: 1/50 [Pikel/+2 whip of freezing (7)]
  3632 | D:4      | Slain by Pikel

Illustrated notes

Levels and vault maps discovered:
D:1:      psy_arrival_spokes, layout_basic
D:2:      layout_basic, hellmonk_ecumenical_altar_arch_garden,
          minmay_misc_feat_cross
D:3:      layout_rooms, serial_shops, nicolae_shop_advertising_works
          [nicolae_subvault_shop_adworks], nicolae_shop_waterfront, shop,
          nicolae_shop_hallway_stairs, nicolae_shop_bloodbath_and_beyond
D:4:      cheibrodos_old_hovel, layout_rooms, gammafunk_temple_overflow_claw,
          nicolae_ossuary_entry_giza, uniq_pikel

Skill      XL: |  1  2  3  4  5  6 |
---------------+-------------------+-----
Dodging        | 2 3 |  3.6
Staves         | 1 2 3 |  3.3
Stealth        | 1 |  1.4
Fighting       | 2 |  2.4
Spellcasting   | 3 |  3.1
Unarmed Combat | |  3.8
Transmutations | |  2.9

Action                   |  1- 3 |  4- 6 || total
-------------------------+-------+-------++-------
Melee: Unarmed           |    31 |       ||    31
       Headbutt          |     7 |    18 ||    25
       Tailslap          |    10 |    29 ||    39
       Kick              |     7 |    32 ||    39
       Staff             |    65 |   203 ||   268
       Punch             |     2 |     6 ||     8
       Short sword       |     1 |       ||     1
 Cast: Beastly Appendage |    12 |    16 ||    28
  Use: Potion            |       |     1 ||     1
 Stab: Sleeping          |     1 |       ||     1
Armor: Skin              |    25 |    71 ||    96
Dodge: Dodged            |    70 |   218 ||   288

Table legend: (Time is in decaauts)
 A = Elapsed time spent in this place.
 B = Non-inter-level travel time spent in this place.
 C = Inter-level travel time spent in this place.
 D = Time resting spent in this place.
 E = Time spent auto-exploring this place.
 F = Levels seen in this place.
 G = Mean time per level.
                   A        B        C        D        E       F      G
               +--------+--------+--------+--------+--------+-----+--------+
         Total |   3662 |   3565 |     97 |    502 |   2181 |   4 |  915.5 |
       Dungeon |   3662 |   3565 |     97 |    502 |   2181 |   4 |  915.5 |
               +--------+--------+--------+--------+--------+-----+--------+

Top non-repeatable levels by time:
     D:1: 1070 daAuts
     D:3: 907 daAuts
     D:2: 858 daAuts
     D:4: 827 daAuts
